 Dungeon Crawl Stone Soup version 0.27-b1-2-g8387495791 (webtiles) character file.

Game seed: 11276853797415957041

1828 ZARRMARR the Covered (level 8, -6/69 HPs)
             Began as a Minotaur Fighter on July 26, 2021.
             Was an Initiate of Ru.
             Mangled by a purple ugly thing (13 damage)
             ... on level 7 of the Dungeon.
             The game lasted 00:51:34 (7839 turns).

ZARRMARR the Covered (Minotaur Fighter)             Turns: 7839, Time: 00:51:34

Health: -6/69      AC: 12    Str: 22    XL:     8   Next: 86%
Magic:  7/7        EV: 11    Int:  5    God:    Ru [......]
Gold:   341        SH:  0    Dex: 11    Spells: 7/7 levels left

rFire    + . .     SeeInvis .   s - +2 quarterstaff (chaos)
rCold    . . .     Faith    .   (shield currently unavailable)
rNeg     + . .     Spirit   .   q - +2 ring mail {rF+}
rPois    .         Reflect  .   (helmet restricted)
rElec    .         Harm     .   t - +0 cloak
rCorr    .         Rampage  .   E - +0 pair of gloves
Will     .....                  y - +0 pair of boots
Stlth    +.........             (no amulet)
HPRegen  0.21/turn              r - ring of positive energy
MPRegen  0.10/turn              (no ring)

@: mighty, lethally poisoned (-6 -> -15)
A: horns 2, retaliatory headbutt
a: Renounce Religion


You were on level 7 of the Dungeon.
You worshipped Ru.
Ru was noncommittal.
You visited 1 branch of the dungeon, and saw 7 of its levels.
You also visited: Sewer.

You collected 341 gold pieces.

Inventory:

Hand Weapons
 e - a +1 whip of venom
 s - a +2 quarterstaff of chaos (weapon)
 w - a +0 hunting sling
 J - a +2 long sword of flaming
 M - a +2 vorpal flail
Missiles
 a - 5 boomerangs
 h - 43 arrows
 i - 33 poisoned darts (quivered)
 k - 171 stones
 m - 33 sling bullets
 x - 7 silver javelins
Armour
 c - a +0 kite shield
 q - a +2 ring mail of fire resistance (worn)
 t - a +0 cloak (worn)
 y - a +0 pair of boots (worn)
 E - a +0 pair of gloves (worn)
Magical Staves
 K - a staff of earth
Jewellery
 r - a ring of positive energy (left hand)
Wands
 v - a wand of acid (6)
 F - a wand of charming (3)
 G - a wand of paralysis (11)
 I - a wand of digging (1)
Scrolls
 b - 2 scrolls of fear
 f - 2 scrolls of teleportation
 g - 2 scrolls of blinking
 l - 3 scrolls of enchant armour
 n - 2 scrolls of fog
 o - a scroll of enchant weapon
 z - a scroll of acquirement {unknown}
 A - a scroll of immolation {unknown}
 D - a scroll of magic mapping {unknown}
Potions
 d - a potion of might
 j - a potion of magic
 p - 3 potions of mutation {unknown}
 u - a potion of cancellation {unknown}
 B - 2 potions of heal wounds {unknown}
 C - a potion of haste {unknown}
 H - a potion of curing {unknown}
 L - a potion of flight {unknown}


   Skills:
 + Level 5.6 Fighting
 + Level 4.4(6.1) Maces & Flails
 + Level 6.7(7.3) Staves
 - Level 6.0 Throwing
 + Level 6.9 Armour
 + Level 2.3 Dodging
 + Level 0.8 Stealth
 + Level 4.5 Shields
 + Level 0.2 Evocations


You had 7 spell levels left.
You didn't know any spells.
Your spell library was empty.

Dungeon Overview and Level Annotations

Branches:
Dungeon (7/15)              Sewer (visited)
 Temple: D:4-7

Altars:
Nemelex Xobeh
Ru
Xom


Innate Abilities, Weirdness & Mutations

You have a pair of horns on your head.
You reflexively headbutt those who attack you in melee.


Message History

The purple ugly thing pecks you!
You sock the purple ugly thing!
Lightning courses through the purple ugly thing!
The purple ugly thing is moderately wounded.
The purple ugly thing pecks you!
You hit the purple ugly thing.
The purple ugly thing resists with almost no effort.
The purple ugly thing is moderately wounded.
The water moccasin barely misses you. The purple ugly thing misses you.
The water moccasin barely misses you.
You closely miss the purple ugly thing.
The purple ugly thing is moderately wounded.
The water moccasin bites you.
You are poisoned.
The water moccasin poisons you!
The purple ugly thing closely misses you.
You sock the purple ugly thing!
The purple ugly thing is poisoned.
The purple ugly thing is heavily wounded.
You feel very sick. The water moccasin bites you.
You are more poisoned.
The water moccasin poisons you! The purple ugly thing misses you.
You closely miss the purple ugly thing.
You headbutt the purple ugly thing, but do no damage.
The purple ugly thing is heavily wounded.
You feel very sick.
The water moccasin bites you but does no damage. x2
The purple ugly thing pecks you!
* * * LOW HITPOINT WARNING * * *
You feel very mighty all of a sudden.
You feel very sick.
The water moccasin bites you but does no damage.
The purple ugly thing pecks you!
* * * LOW HITPOINT WARNING * * *
It was a potion of magic.
Magic courses through your body.
* * * LOW HITPOINT WARNING * * *
You feel very sick. The water moccasin closely misses you.
You furiously retaliate!
You headbutt the water moccasin! The purple ugly thing pecks you!
You die...

############
#....<..... #.#######.#
#######.#######)######.
................<......
#.#####.#.#>###.######.
#.........##.##...
#..###'###..##.....#
#...@S##....#.....
#..###u.##...#......
#..# ...##..#..###.#
#..# .#..#.##..# .. #.#
...## # +# .. # .## ##


You could see a purple ugly thing (very poisoned) and a water moccasin.

Vanquished Creatures
  An ice beast (D:6)
  A sky beast (D:5)
  3 black bears
  A phantom (D:4)
  Blork the orc (D:5)
  A wyvern zombie (D:6)
  5 scorpions
  A water moccasin zombie (D:5)
  A howler monkey (D:6)
  A bullfrog zombie (D:6)
  2 jellies (D:6)
  Crazy Yiuf (D:3)
  2 orc priests (D:3)
  Jessica (D:2)
  5 iguanas
  4 orc wizards
  Natasha (thrice) (D:4)
  2 hound skeletons (D:5)
  3 gnolls (D:4)
  10 adders
  A howler monkey skeleton (D:6)
  An ufetubus (D:6)
  A worm (D:4)
  3 dart slugs
  9 orcs
  3 ball pythons (Sewer)
  2 endoplasms
  A giant cockroach (D:5)
  8 hobgoblins
  8 jackals
  13 kobolds
  10 quokkas
  7 bats
  5 frilled lizards
  5 goblins
  4 rats
130 creatures vanquished.

Vanquished Creatures (others)
  5 plants (Sewer)
5 creatures vanquished.

Grand Total: 135 creatures vanquished

Notes
Turn   | Place    | Note
-------+----------+-------------------------------------------
     0 | D:1      | ZARRMARR the Minotaur Fighter began the quest for the Orb.
     0 | D:1      | Reached XP level 1. HP: 19/19 MP: 0/0
   334 | D:1      | Reached XP level 2. HP: 27/27 MP: 1/1
   885 | D:2      | Noticed Jessica
   893 | D:2      | Killed Jessica
   894 | D:2      | Reached XP level 3. HP: 16/33 MP: 2/2
  1303 | D:2      | Reached skill level 1 in Throwing
  1448 | D:2      | Reached XP level 4. HP: 40/41 MP: 3/3
  1917 | D:3      | HP: 1/41 [orc priest (2)]
  2125 | D:3      | Reached XP level 5. HP: 28/47 MP: 4/4
  2371 | D:3      | Found a sparkling altar of Nemelex Xobeh.
  3012 | D:3      | Found a runed translucent door.
  3013 | D:3      | Noticed Crazy Yiuf
  3022 | D:3      | Killed Crazy Yiuf
  3145 | D:3      | Reached XP level 6. HP: 41/53 MP: 5/5
  3295 | D:3      | Reached skill level 1 in Dodging
  3901 | D:4      | Reached skill level 1 in Staves
  4007 | D:4      | Noticed Natasha
  4013 | D:4      | Killed Natasha
  4247 | D:4      | Reached XP level 7. HP: 59/60 MP: 6/6
  4371 | D:4      | Noticed Natasha
  4377 | D:4      | Killed Natasha
  4378 | D:4      | Reached skill level 5 in Armour
  4413 | D:4      | Noticed Natasha
  4419 | D:4      | Killed Natasha
  4837 | D:5      | Entered Level 5 of the Dungeon
  4845 | D:5      | Reached skill level 5 in Throwing
  4990 | D:5      | Found a glowing drain.
  5023 | Sewer    | Entered a sewer
  5814 | D:5      | Found a sacrificial altar of Ru.
  5870 | D:5      | Became a worshipper of Ru the Awakened
  6072 | D:5      | Reached skill level 5 in Fighting
  6116 | D:5      | Reached XP level 8. HP: 62/68 MP: 7/7
  6630 | D:5      | Noticed Blork the orc
  6640 | D:5      | Killed Blork the orc
  7344 | D:6      | Reached skill level 5 in Staves
  7708 | D:6      | Found a shimmering altar of Xom.
  7829 | D:7      | Noticed a purple ugly thing
  7839 | D:7      | Mangled by a purple ugly thing

Illustrated notes

Levels and vault maps discovered:
D:1:      zelgadis_glass_arrival_small, layout_basic
D:2:      layout_basic, uniq_jessica
D:3:      layout_loops_ring, nemelex_diamond_rough_becter,
          uniq_crazy_yiuf_cottage
D:4:      layout_basic, uniq_natasha
D:5:      layout_layer_cave, nicolae_ru_awakened_eye, gup_sewer_entry_pipe,
          uniq_blork_the_orc
D:6:      layout_basic, xom_teletrap_fun, minmay_statues_item,
          mrwooster_statue_mirror
D:7:      minmay_the_grid_octo_tiled_octocenter
          [minmay_the_grid_octo_checkerflower, minmay_the_grid_octo_77,
          minmay_the_grid_octo_shrine, minmay_the_grid_octo_concentric,
          minmay_the_grid_octo_prize_big_c, minmay_the_grid_square_5x5_seven,
          minmay_the_grid_square_5x5_inverted_slash,
          minmay_the_grid_square_5x5_corner,
          minmay_the_grid_square_5x5_six_small], layout_loops_ring,
          lemuel_doored_altar, gammafunk_temple_overflow_statue,
          minmay_temple_entry_stoned_glass, minmay_misc_feat_diagonals,
          uniq_harold

Skill      XL: |  1  2  3  4  5  6  7  8 |
---------------+-------------------------+-----
Armour         | 4 5 6 |  6.9
Shields        | 4 |  4.5
Fighting       | 4 5 |  5.6
Maces & Flails | 3 4 |  4.4
Throwing       | 1 2 3 4 5 6 |  6.0
Dodging        | 1 2 |  2.3
Staves         | 1 3 6 |  6.7
Stealth        | |  0.8
Evocations     | |  0.2

Action                   |  1- 3 |  4- 6 |  7- 9 || total
-------------------------+-------+-------+-------++-------
Melee: Flail             |    74 |    26 |       ||   100
       Headbutt          |    10 |    18 |    28 ||    56
       Whip              |       |    29 |       ||    29
       Quarterstaff      |       |    29 |   172 ||   201
Throw: Dart              |    31 |    87 |    89 ||   207
Evoke: Wand              |       |       |     1 ||     1
  Use: Scroll            |       |     6 |     1 ||     7
       Potion            |       |       |     2 ||     2
Armor: Scale mail        |    31 |       |       ||    31
       Ring mail         |     2 |    39 |    95 ||   136
Dodge: Dodged            |    22 |    40 |    88 ||   150
Block: Kite shield       |    40 |    15 |       ||    55
